 Dungeon Crawl Stone Soup version 0.21-a0-380-gd65dc97 (webtiles) character file.

6766 rustybucket498 the Basher (level 11, -1/72 HPs)
             Began as a Gargoyle Fighter on Oct 17, 2017.
             Was a Priest of Okawaru.
             Killed by divine providence
             ... invoked by a meliai
              (10 damage)
             ... on level 9 of the Dungeon.
             The game lasted 00:24:09 (10270 turns).

rustybucket498 the Basher (Gargoyle Fighter)       Turns: 10270, Time: 00:24:10

Health: -1/72      AC: 25    Str: 21    XL:     11   Next: 4%
Magic:  11/11      EV:  5    Int:  9    God:    Okawaru [***...]
Gold:   383        SH: 10    Dex: 13    Spells: 10/10 levels left

rFire    + + .     SeeInvis .   w - +10 flail of Tension {crush, MR+ Dex+2}
rCold    + + .     Gourm    +   c - +0 shield
rNeg     + . .     Faith    .   J - +0 plate armour
rPois    ∞         Spirit   .   E - +0 helmet
rElec    +         Reflect  .   (no cloak)
rCorr    +         Harm     .   C - +0 pair of gloves
MR       ++...                  a - +1 pair of boots
Stlth    ..........             u - amulet of the gourmand
HPRegen  0.22/turn              g - ring of protection from cold
MPRegen  0.12/turn              k - ring of protection from fire

@: resistant
A: big wings, magic resistance 1, negative energy resistance 1, electricity
resistance, unbreathing, petrification resistance, rot immunity, AC +8
a: Fly, Heroism, Renounce Religion


You were on level 9 of the Dungeon.
You worshipped Okawaru.
Okawaru was most pleased with you.
You were completely stuffed.

You visited 2 branches of the dungeon, and saw 10 of its levels.

You collected 630 gold pieces.
You spent 247 gold pieces at shops.

Inventory:

Hand Weapons
 w - the +10 flail of Tension (weapon) {crush, MR+ Dex+2}
   (You found it on level 7 of the Dungeon)

   It inflicts extra damage upon your enemies.
   It affects your dexterity (+2).
   It affects your resistance to hostile enchantments.
 S - a +3 dire flail of protection
Armour
 a - a +1 pair of boots (worn)
 c - a +0 shield (worn)
 C - a +0 pair of gloves (worn)
 D - the +4 large shield of Jipud {Int+4}
   (You found it on level 5 of the Dungeon)

   It affects your intelligence (+4).
 E - a +0 helmet (worn)
 J - a +0 plate armour (worn)
Jewellery
 g - a ring of protection from cold (left hand)
 k - a ring of protection from fire (right hand)
 u - an amulet of the gourmand (around neck)
Wands
 p - a wand of disintegration (24/24)
 v - a wand of digging (16/24)
 y - a wand of acid (4/15)
 A - a wand of iceblast (10/15)
 F - a wand of lightning (7/15)
Scrolls
 h - 9 scrolls of identify
 j - a scroll of blinking
 l - 2 scrolls of fog
 o - a scroll of teleportation
 q - a scroll of magic mapping
 r - a scroll of recharging
 s - 3 scrolls of remove curse
Potions
 b - a potion of degeneration {unknown}
 d - 2 potions of heal wounds
 e - 4 potions of mutation
 i - a potion of cancellation
 n - a potion of agility {unknown}
 B - a potion of curing
 K - a potion of berserk rage {unknown}
 L - 2 potions of flight {unknown}
 M - a potion of ambrosia {unknown}
 Q - a potion of magic {unknown}
Comestibles
 f - 6 bread rations
 m - 5 royal jellies
 t - 5 meat rations
 z - 9 fruits
 G - 2 chunks of flesh


   Skills:
 + Level 10.0 Fighting
 * Level 12.2 Maces & Flails
 + Level 6.5 Armour
 - Level 2.3 Dodging
 + Level 4.8 Shields


You had 10 spell levels left.
You didn't know any spells.

Dungeon Overview and Level Annotations

Branches:
Dungeon (9/15)             Temple (1/1) D:6            Lair (0/6) D:9
    Orc: D:9-12

Altars:
Ashenzari
Cheibriados
Dithmenos
Elyvilon
Fedhas
Gozag
Hepliaklqana
Kikubaaqudgha
Makhleb
Nemelex Xobeh
Okawaru
Qazlal
Ru
Sif Muna
Trog
Uskayaw
Vehumet
Wu Jian
Xom
Yredelemnul
Zin
The Shining One

Shops:
D:8 [:   D:9 %}*

Annotations:
D:9 Prince Ribbit


Innate Abilities, Weirdness & Mutations

You are resistant to torment.
Your stone body is resilient. (AC +8)
You are immune to poison.
You resist negative energy. (rN+)
You are resistant to electric shocks. (rElec)
You can survive without breathing.
You are immune to petrification.
You are immune to rotting.
Your large and strong wings let you fly indefinitely.
You are resistant to hostile enchantments. (MR+)


Message History

You block the meliai's attack. x2
It was a potion of heal wounds.
You feel much better. You block the meliai's attack.
The meliai stings you but does no damage.
The meliai mumbles some strange prayers to its god against you.
Something smites you!
* * * LOW HITPOINT WARNING * * *
The meliai hits you but does no damage. The meliai barely misses you.
You completely miss the meliai. The meliai hits you but does no damage.
You block the meliai's attack. The meliai hits you with a hand axe.
* * * LOW HITPOINT WARNING * * *
The meliai stings you but does no damage.
You sock the meliai!
The meliai is moderately wounded.
The meliai calls down the wrath of its god upon you.
Something smites you!
* * * LOW HITPOINT WARNING * * *
The meliai calls down the wrath of its god upon you.
Something smites you!
You die...

#......##P.P##...§....#
####....#...#........?#
#..#...≈. #...#'#
####...##### #...#..#
##....### #####'######
#.....###### #......>#
###..........# ###.......#
....._.......#####yF†......#
.#..............@yy#......<#
###..........#######.......+
#######.#### #.......# #.#
#.......# #.# #####+###
###.# #. #...# #.
#####.###### #####.###
###..........# ........#
#####


You could see Prince Ribbit and 3 meliai.

Vanquished Creatures
  A two-headed ogre (D:8)
  The ghost of Lorrdernie the Insei, a novice OpTm of Okawaru (D:7)
  2 ugly things
  Maurice (D:9)
  The ghost of SleepCap the Chopper, an amateur MiBe of Okawaru (D:4)
  Grinder (D:4)
  A hippogriff (D:9)
  Menkaure (D:4)
  3 ice beasts (D:4)
  2 orc warriors
  3 centaurs
  4 ogres
  A phantom (D:7)
  A big kobold (D:8)
  A gnoll sergeant (D:7)
  4 bullfrogs
  A scorpion (D:6)
  4 wights (D:7)
  A howler monkey (D:7)
  2 crimson imps (D:7)
  A bullfrog zombie (D:5)
  7 orc priests
  3 gnoll shamans (D:3)
  4 jellies
  A bullfrog skeleton (D:6)
  4 hounds
  8 orc wizards
  Jessica (D:2)
  3 iguanas
  8 worker ants
  A killer bee zombie (D:9)
  A hound zombie (D:6)
  A hound skeleton (D:4)
  49 gnolls
  15 adders
  3 shadow imps
  2 oozes (D:1)
  6 adder skeletons
  5 worms
  A dart slug (D:1)
  4 leopard geckos
  49 orcs
  6 bats
  7 giant cockroaches
  6 goblins
  10 hobgoblins
  29 jackals
  5 quokkas
  3 frilled lizards
  A giant cockroach zombie (D:5)
  13 kobolds
  A leopard gecko skeleton (D:6)
  2 quokka skeletons
  7 rats
303 creatures vanquished.

Notes
Turn   | Place    | Note
-------+----------+-------------------------------------------
     0 | D:1      | rustybucket498 the Gargoyle Fighter began the quest for the Orb.
     0 | D:1      | Reached XP level 1. HP: 14/14 MP: 1/1
   123 | D:1      | Reached XP level 2. HP: 17/19 MP: 2/2
   357 | D:1      | Reached skill level 3 in Maces & Flails
   366 | D:1      | Reached XP level 3. HP: 22/24 MP: 3/3
   804 | D:2      | Reached XP level 4. HP: 29/29 MP: 4/4
   866 | D:2      | Noticed Jessica
   888 | D:2      | Killed Jessica
  1126 | D:2      | Reached skill level 4 in Maces & Flails
  1270 | D:2      | Found a glowing golden altar of the Shining One.
  1378 | D:2      | Reached XP level 5. HP: 34/34 MP: 5/5
  2334 | D:3      | Reached skill level 5 in Maces & Flails
  2336 | D:3      | Reached XP level 6. HP: 35/40 MP: 6/6
  2382 | D:3      | Reached skill level 5 in Fighting
  2906 | D:3      | Reached skill level 6 in Maces & Flails
  2910 | D:3      | HP: 2/40 [gnoll/halberd (11)]
  2911 | D:3      | Reached XP level 7. HP: 2/44 MP: 7/7
  3648 | D:3      | Reached skill level 7 in Maces & Flails
  3953 | D:4      | Noticed SleepCap's ghost (amateur MiBe)
  3966 | D:4      | Reached XP level 8. HP: 28/52 MP: 8/8
  4027 | D:4      | Noticed Menkaure
  4033 | D:4      | Noticed Grinder
  4035 | D:4      | Gained mutation: You are resistant to hostile enchantments. (MR+) [potion of mutation]
  4035 | D:4      | Gained mutation: Your large and strong wings let you fly indefinitely. [potion of mutation]
  4040 | D:4      | Killed Menkaure
  4050 | D:4      | Killed Grinder
  4050 | D:4      | Reached skill level 8 in Maces & Flails
  4642 | D:4      | Killed SleepCap's ghost
  4642 | D:4      | Reached skill level 9 in Maces & Flails
  4826 | D:4      | Found a transporter.
  4889 | D:4      | Found a transporter.
  4925 | D:4      | Reached XP level 9. HP: 54/59 MP: 9/9
  5332 | D:5      | Entered Level 5 of the Dungeon
  5643 | D:5      | Got a smoking large shield
  5654 | D:5      | Identified the +4 large shield of Jipud {Int+4} (You found it on level 5 of the Dungeon)
  5891 | D:5      | Reached skill level 10 in Maces & Flails
  6536 | D:6      | Noticed a cyan ugly thing
  6554 | D:6      | Killed a cyan ugly thing
  6554 | D:6      | Reached skill level 1 in Dodging
  7172 | D:6      | Found a staircase to the Ecumenical Temple.
  7179 | Temple   | Entered the Ecumenical Temple
  7327 | Temple   | Became a worshipper of Warmaster Okawaru
  7451 | D:7      | Noticed Lorrdernie's ghost (novice OpTm)
  7463 | D:7      | Killed Lorrdernie's ghost
  7463 | D:7      | Reached * piety under Okawaru
  7463 | D:7      | Reached XP level 10. HP: 65/66 MP: 10/10
  7590 | D:7      | Reached skill level 11 in Maces & Flails
  7660 | D:7      | Reached skill level 5 in Armour
  7858 | D:7      | Reached ** piety under Okawaru
  8254 | D:7      | Got a scorched flail
  8257 | D:7      | Identified the +10 flail of Tension {crush, MR+ Dex+2} (You found it on level 7 of the Dungeon)
  8633 | D:8      | Found Aloemoy's Book Boutique.
  8736 | D:8      | Found Fap Aby's Antique Armour Boutique.
  8739 | D:8      | Bought a pair of glowing boots for 247 gold pieces
  8889 | D:8      | Noticed a two-headed ogre
  8895 | D:8      | Killed a two-headed ogre
  9342 | D:9      | Noticed a brown ugly thing
  9357 | D:9      | Killed a brown ugly thing
  9565 | D:9      | Found an iron altar of Okawaru.
  9577 | D:9      | Found Plog's Assorted Antiques.
  9578 | D:9      | Found a staircase to the Lair.
  9582 | D:9      | Noticed Maurice
  9598 | D:9      | HP: 1/68 [acid (7)]
  9603 | D:9      | Killed Maurice
  9603 | D:9      | Reached skill level 12 in Maces & Flails
  9914 | D:9      | Found Gisatiwnol's Food Emporium.
  9926 | D:9      | Reached skill level 10 in Fighting
  9985 | D:9      | Reached XP level 11. HP: 56/72 MP: 11/11
 10147 | D:9      | Found Omuarhyhe's Gadget Shop.
 10242 | D:9      | Reached *** piety under Okawaru
 10257 | D:9      | Noticed Prince Ribbit
 10270 | D:9      | Killed from afar by a meliai

Vault maps used:
D:1:      sevenhm_arrival_forest_fort_large_2
D:2:      nicolae_overflow_crystal_walls, first_bread, uniq_jessica
D:3:      lemuel_castle_with_subvaults
D:4:      gammafunk_cloud_chamber, hangedman_glass_teeth,
          hangedman_decor_growths, uniq_grinder, uniq_menkaure
D:5:      minmay_opposing_rooms
D:6:      kennysheep_big_flooded_room, minmay_temple_entry_junction
D:8:      serial_shops, nicolae_shop_behind_doors, shop
D:9:      dpeg_oklobed_lair, basic_altar, serial_shops,
          nicolae_shop_temple_entry_statues_fountains, kennysheep_mini, shop,
          hangedman_pestilent_swarm, uniq_maurice, uniq_prince_ribbit1
Temple:   kilobyte_greek_temple

Skill      XL: |  1  2  3  4  5  6  7  8  9 10 |
---------------+-------------------------------+-----
Maces & Flails | 3 4 5 6 7 9 10 12 | 12.2
Fighting       | 4 5 6 7 9 10 | 10.0
Dodging        | 2 |  2.3
Armour         | 4 6 |  6.5
Shields        | 4 |  4.8

Action                   |  1- 3 |  4- 6 |  7- 9 | 10-12 || total
-------------------------+-------+-------+-------+-------++-------
Melee: Flail             |    83 |   313 |   422 |   302 ||  1120
  Use: Scroll            |       |     1 |    10 |     3 ||    14
       Potion            |       |     1 |     3 |     5 ||     9
  Eat: Chunk             |       |    31 |    17 |    10 ||    58
       Royal jelly       |       |     1 |       |       ||     1
Armor: Scale mail        |    47 |   186 |   142 |       ||   375
       Plate armour      |       |       |    64 |   193 ||   257
Dodge: Dodged            |    22 |   115 |   100 |    31 ||   268
Block: Shield            |    45 |   174 |   194 |   123 ||   536

Table legend:
 A = Spawn XP
 B = Non-spawn XP
 C = Spawn XP percentage of total XP
 D = Spawn monster count
 E = Non-spawn monster count
 F = Spawn count percentage of total count
 G = Total turns spent on level
                    A         B        C        D         E        F      G
               +---------+---------+-------+---------+---------+-------+---------
         Total |       0 |    9666 |   0.0 |       0 |     303 |   0.0 | 10270
               +---------+---------+-------+---------+---------+-------+---------
           D:1 |       0 |      47 |   0.0 |       0 |      20 |   0.0 |   592
           D:2 |       0 |     140 |   0.0 |       0 |      33 |   0.0 |  1640
           D:3 |       0 |    1100 |   0.0 |       0 |      88 |   0.0 |  1782
           D:4 |       0 |    1375 |   0.0 |       0 |      22 |   0.0 |  1318
           D:5 |       0 |     464 |   0.0 |       0 |      31 |   0.0 |  1045
           D:6 |       0 |    1106 |   0.0 |       0 |      27 |   0.0 |   826
           D:7 |       0 |    2108 |   0.0 |       0 |      40 |   0.0 |  1125
           D:8 |       0 |    1329 |   0.0 |       0 |      16 |   0.0 |   779
           D:9 |       0 |    1997 |   0.0 |       0 |      26 |   0.0 |   978
               +---------+---------+-------+---------+---------+-------+---------
